 Dungeon Crawl Stone Soup version 0.30-a0-634-g8abc85282e (webtiles) character file.

Game seed: 12237614487279474141

250172 Citaku the Executioner (level 18, -19/171 HPs)
             Began as a Minotaur Fighter on Jan 14, 2023.
             Was an Initiate of Gozag.
             Demolished by a vault warden
             ... wielding a +1 bardiche
              (53 damage)
             ... on level 1 of the Vaults.
             The game lasted 01:28:09 (44617 turns).

Citaku the Executioner (Minotaur Fighter)          Turns: 44617, Time: 01:28:10

Health: -19/171    AC: 37    Str: 30    XL:     18   Next: 90%
Magic:  17/17      EV:  6    Int: 12    God:    Gozag
Gold:   2748       SH: 20    Dex: 11    Spells: 17/17 levels left

rFire   + . .      SeeInvis +    a - +5 war axe (vamp)
rCold   + + .      Faith    .    e - +2 tower shield
rNeg    . . .      Spirit   .    K - +1 crystal plate armour {rC+}
rPois   +          Reflect  .    (helmet restricted)
rElec   .          Harm     .    o - scarf {repulsion}
rCorr   +          Rampage  .    l - +2 pair of gloves "Ydoattac" {+Inv rCorr Int+3}
Will    +++..                    q - +1 pair of boots {Fly} Stlth
                                 p - amulet of Contentment {Fragile rC+ Will+ Regen+}
HPRegen 1.28/turn                G - ring of poison resistance
MPRegen 0.15/turn                f - ring "Laodd" {Will+ Str+2 Int+4 SInv Stlth+}

@: brilliant, about to teleport, gold aura, flying, studying Unarmed Combat,
repel missiles
A: horns 2, retaliatory headbutt, claws 1, fire resistance 1, mutation
resistance 1
}: 2/15 runes: decaying, serpentine
a: Renounce Religion, Evoke Invisibility, Potion Petition, Call Merchant, Bribe
Branch


You were on level 1 of the Vaults.
You worshipped Gozag.
Gozag was most pleased with you.
You visited 7 branches of the dungeon, and saw 32 of its levels.
You visited the Abyss 1 time.
You also visited: Ossuary and Ice Cave.

You collected 12604 gold pieces.
You spent 2702 gold pieces at shops.
You paid 7154 gold pieces to Gozag.

Inventory:

Hand Weapons
 a - a +5 vampiric war axe (weapon)
Missiles
 i - a throwing net (quivered)
Armour
 e - a +2 tower shield (worn)
 l - the +2 pair of gloves "Ydoattac" (worn) {+Inv rCorr Int+3}
   (You found it on level 4 of the Snake Pit)

   Int:       It affects your intelligence (+3).
   +Inv:      It lets you turn invisible.
   rCorr:     It protects you from acid and corrosion.
 o - a scarf of repulsion (worn)
 q - a +1 pair of boots of flying (worn)
 K - a +1 crystal plate armour of cold resistance (worn)
Jewellery
 b - an amulet of magic regeneration
 f - the ring "Laodd" (right hand) {Will+ Str+2 Int+4 SInv Stlth+}
   (You bought it in a shop on level 2 of the Orcish Mines)

   [ring of see invisible]

   Str:       It affects your strength (+2).
   Int:       It affects your intelligence (+4).
   SInv:      It lets you see invisible.
   Will:      It increases your willpower.
   Stlth:     It makes you more stealthy.
 p - the amulet of Contentment (around neck) {Fragile rC+ Will+ Regen+}
   (You found it on level 9 of the Dungeon)

   [amulet of regeneration]

   rC:        It protects you from cold.
   Regen:     It increases your rate of health regeneration.
   Fragile:   It will be destroyed if unequipped.
   Will:      It increases your willpower.
 G - a ring of poison resistance (left hand)
Wands
 c - a wand of polymorph (14)
 j - a wand of flame (72)
 y - a wand of digging (13)
 A - a wand of mindburst (6)
 D - a wand of quicksilver (13)
 E - a wand of roots (36)
 L - a wand of paralysis (10)
Scrolls
 d - a scroll of teleportation
 n - 23 scrolls of identify
 v - 5 scrolls of fog
 B - 9 scrolls of amnesia
Potions
 g - 5 potions of magic
 h - 15 potions of curing
 k - 3 potions of flight
 m - a potion of invisibility
 r - 7 potions of cancellation
 t - 4 potions of ambrosia
 H - 2 potions of brilliance
Miscellaneous
 s - a box of beasts
 u - a piece from Xom's chessboard (15/15)
 w - a box of beasts
 x - a piece from Xom's chessboard (15/15)
 z - a piece from Xom's chessboard (15/15)
 I - a piece from Xom's chessboard (15/15)
 M - a condenser vane


   Skills:
 + Level 17.8 Fighting
 * Level 26.0 Axes
 * Level 24.3 Armour
 + Level 15.4 Shields


You had 17 spell levels left.
You didn't know any spells.
Your spell library contained the following spells:

 Spells                   Type           Power      Damage    Failure   Level
 Apportation              Tloc           0%         N/A       100%        1
 Beastly Appendage        Tmut           0%         N/A       100%        1
 Magic Dart               Conj           0%         1d3       100%        1
 Slow                     Hex            0%         N/A       100%        1
 Sting                    Tmut/Pois      0%         1d3       100%        1
 Blink                    Tloc           0%         N/A       100%        2
 Ensorcelled Hibernation  Hex/Ice        0%         N/A       100%        2
 Passwall                 Tmut/Erth      0%         N/A       100%        2
 Poisonous Vapours        Pois/Air       0%         N/A       100%        2
 Scorch                   Fire           0%         2d5       100%        2
 Searing Ray              Conj           0%         2d4       100%        2
 Wereblood                Tmut           0%         N/A       100%        2
 Call Canine Familiar     Summ           0%         N/A       100%        3
 Confusing Touch          Hex            0%         N/A       100%        3
 Frozen Ramparts          Ice            0%         1d1       100%        3
 Ignite Poison            Fire/Tmut/Pois 0%         N/A       100%        3
 Inner Flame              Hex/Fire       0%         N/A       100%        3
 Kindle Blastsparks       Fire/Tloc/Air  0%         2d10      100%        3
 Portal Projectile        Hex/Tloc       0%         N/A       100%        3
 Spider Form              Tmut/Pois      0%         N/A       100%        3
 Stone Arrow              Conj/Erth      0%         3d7       100%        3
 Swiftness                Air            0%         N/A       100%        3
 Vampiric Draining        Necr           0%         2d6       100%        3
 Animate Armour           Summ/Erth      0%         N/A       100%        4
 Flame Wave               Conj/Fire      0%         2d4       100%        4
 Fulminant Prism          Conj/Hex       0%         3d5       100%        4
 Ice Form                 Ice/Tmut       0%         N/A       100%        4
 Leda's Liquefaction      Hex/Erth       0%         N/A       100%        4
 Manifold Assault         Tloc           0%         N/A       100%        4
 Olgreb's Toxic Radiance  Pois           0%         N/A       100%        4
 Sticky Flame             Conj/Fire      0%         2d3       100%        4
 Summon Ice Beast         Ice/Summ       0%         N/A       100%        4
 Alistair's Intoxication  Tmut/Pois      0%         N/A       100%        5
 Blade Hands              Tmut           0%         N/A       100%        5
 Fireball                 Conj/Fire      0%         3d3       100%        5
 Freezing Cloud           Conj/Ice/Air   0%         6-21      100%        5
 Iskenderun's Battlesphe  Conj           0%         2d6       100%        5
 Summon Forest            Summ/Tloc      0%         N/A       100%        5
 Conjure Ball Lightning   Conj/Air       0%         3x3d6     100%        6
 Eringya's Noxious Bog    Tmut/Pois      0%         N/A       100%        6
 Iron Shot                Conj/Erth      0%         9d1       100%        6
 Summon Cactus Giant      Summ           0%         N/A       100%        6
 Orb of Destruction       Conj           0%         9d5       100%        7
 Spellforged Servitor     Conj/Summ      0%         N/A       100%        7
 Storm Form               Tmut/Air       0%         N/A       100%        7
 Summon Hydra             Summ           0%         N/A       100%        7
 Lehudib's Crystal Spear  Conj/Erth      0%         10d2      100%        8


Dungeon Overview and Level Annotations

Branches:
Dungeon (15/15)            Temple (1/1) D:5            Lair (5/5) D:8
  Swamp (4/4) Lair:2        Snake (4/4) Lair:3        Slime (0/5) Lair:4
    Orc (2/2) D:9             Elf (0/3) Orc:2        Vaults (1/5) D:14
 Depths (0/4) D:15        Ossuary (visited)           IceCv (visited)

Altars:
Ashenzari
Cheibriados
Dithmenos
Elyvilon
Fedhas
Gozag
Hepliaklqana
Kikubaaqudgha
Makhleb
Nemelex Xobeh
Okawaru
Qazlal
Ru
Sif Muna
Trog
Uskayaw
Vehumet
Wu Jian
Xom
Yredelemnul
Zin
The Shining One
Lugonu

Shops:
D:2 (![:[   D:6 ([   D:15 !   Temple ((([   Orc:1 [   Orc:2 =![=   Snake:1 ::=
Snake:3 (   Snake:4 (   Vaults:1 (


Innate Abilities, Weirdness & Mutations

You have a pair of horns on your head.
You reflexively headbutt those who attack you in melee.
You have sharp fingernails.
Your flesh is heat resistant. (rF+)
You are somewhat resistant to further mutation.


Message History

You are too injured to fight recklessly!
You are too injured to fight recklessly!
You are too injured to fight recklessly!
You are too injured to fight recklessly!
You are too injured to fight recklessly!
You are too injured to fight recklessly!
You are too injured to fight recklessly!
You are too injured to fight recklessly!
You hit the vault warden.
You feel better.
The vault warden is heavily wounded.
You slash the ironbound convoker!
You feel better.
You slash the vault guard!
You feel better.
The vault guard is no longer distracted by gold.
You closely miss the vault guard.
You hit the vault guard but do no damage.
The runic seals fade away.
You block the vault guard's attack. The vault guard closely misses you.
The vault warden hits you from afar with a +1 bardiche!!!
* * * LOW HITPOINT WARNING * * *
The vault guard hits you with a +2 great sword of electrocution.
* * * LOW HITPOINT WARNING * * *
You block the ironbound convoker's attack.
The vault warden hits you with a +2 dire flail of holy wrath.
* * * LOW HITPOINT WARNING * * *
As you read the scroll of teleportation, it crumbles to dust.
You feel strangely unstable.
The vault guard hits you but does no damage.
The vault guard completely misses you.
The vault warden activates a sealing rune.
You block the ironbound convoker's attack.
The vault warden hits you with a +2 dire flail of holy wrath!
* * * LOW HITPOINT WARNING * * *
You hit the vault guard but do no damage.
The vault guard is lightly wounded.
You slash the vault warden!
You feel better.
You closely miss the vault guard. You barely miss the vault guard.
You slash the ironbound convoker! You block the vault guard's attack. x2
The vault warden hits you from afar with a +1 bardiche!!!
You die...
Your body crumbles into a pile of gold.

.................................
.................................
.................########...#####
...########.....## ####..#....
...#......#.....# ..# #..#.###
...#......#....## .... ##.#.#p#
...'......#...## ...#+ #.#.###
...#......#...####....#.$ #.#....
...#......#...+p@pp...#p$ #.#.###
...#..∩...#...#ppp....#. #.#.#p#
...#......#...#..'p...#.$ #.#.###
...#......#...####....#. #.#....
...########...## ....#+ #.#.###
...............## ...... ##.#.#p#
................# ....# #..'.###
................## #######..#....
.................########...#####


You could see 2 vault wardens, 4 vault guards, a vault sentinel and an ironbound
convoker.

Vanquished Creatures
  A storm dragon (D:12)
  2 thorn hunters (Swamp:4)
  5 nagarajas (Snake:4)
  5 fenstrider witches
  Louise (Snake:1)
  9 ironbound preservers (Vaults:1)
  A ghoul (Swamp:4)
  2 very ugly things (IceCv)
  2 reapers (IceCv)
  An ironbound thunderhulk (Vaults:1)
  4 eleionomae
  4 bunyips
  A dire elephant (Lair:5)
  An ettin (D:12)
  An entropy weaver (shapeshifter) (D:14)
  A great orb of eyes (Vaults:1)
  An entropy weaver (Vaults:1)
  Josephine (Swamp:1)
  A vault guard (Vaults:1)
  3 yaktaur captains (Vaults:1)
  The ghost of anet the Cleaver, a journeyman HOCj of Beogh (Lair:1)
  An ice dragon (Lair:5)
  A rakshasa (D:15)
  A salamander tyrant (Snake:4)
  4 caustic shrike simulacra (IceCv)
  A catoblepas (Lair:5)
  24 hydras
  A ghost crab (Swamp:4)
  4 ogre magi (Orc:2)
  4 anacondas
  5 boulder beetles
  4 alligators
  7 centaur warriors
  5 two-headed ogres
  4 tengu warriors
  15 naga warriors
  An orc high priest (Orc:1)
  3 death yaks (Lair:5)
  15 naga sharpshooters
  12 shock serpents
  Nergalle (Orc:2)
  2 salamander mystics (Snake:4)
  4 skeletal warriors (D:14)
  A sea snake (Snake:3)
  A death drake (Swamp:3)
  A spriggan simulacrum (IceCv)
  5 goliath frogs
  8 spriggan druids
  2 obsidian statues (IceCv)
  27 deep trolls (Vaults:1)
  10 swamp dragons
  A sea snake (shapeshifter) (D:12)
  A bog body (Swamp:1)
  8 naga ritualists
  7 lindwurms
  A wizard (D:14)
  5 ironbound convokers (Vaults:1)
  Pikel (D:6)
  A deep elf archer (D:12)
  2 orc knights (Orc:2)
  2 deep elf pyromancers
  3 necromancers
  5 ugly things
  A wolf spider zombie (D:14)
  A deep elf zephyrmancer (D:15)
  2 will-o-the-wisps
  9 cyclopes
  5 mana vipers
  9 orc sorcerers
  11 manticores
  5 oklob plants
  13 elephants
  12 salamanders
  28 black mambas
  3 vault sentinels (Vaults:1)
  5 guardian serpents
  5 torpor snails (Lair:5)
  Maurice (D:11)
  Joseph (D:10)
  2 gargoyles (D:12)
  12 cane toads
  19 naga magi
  2 centaur skeletons (D:15)
  An unseen horror (Abyss:2)
  7 rime drakes (Lair:5)
  4 kobold demonologists
  14 yaktaurs
  11 komodo dragons
  Psyche (D:8)
  8 freezing wraiths
  2 golden dragon simulacra (IceCv)
  An ice devil (IceCv)
  A bloated husk (Swamp:1)
  9 trolls
  A polar bear (Lair:4)
  12 tyrant leeches
  A meliai zombie (D:14)
  11 hornets
  10 slime creatures
  4 blink frogs (Lair:5)
  10 dream sheep
  3 centaur simulacra
  9 wraiths
  3 flying skulls (Abyss:2)
  4 spriggans
  2 shadows
  2 wyverns
  26 yaks
  Grum (D:11)
  An unseen horror simulacrum (D:9)
  5 basilisks
  3 redbacks (Vaults:1)
  A steam dragon (D:8)
  19 vampire mosquitoes
  Menkaure (D:3)
  2 wargs (Orc:1)
  A harpy simulacrum (IceCv)
  50 nagas
  3 acid dragons
  A hydra simulacrum (IceCv)
  22 swamp worms
  12 swamp drakes
  10 water moccasins
  2 ice beasts
  19 orc warriors
  2 black bears (D:5)
  A sky beast (D:7)
  4 ettin simulacra (IceCv)
  20 wolves
  8 centaurs
  6 ogres
  A kobold brigand (D:4)
  Blork the orc (D:6)
  2 phantoms (D:5)
  12 bullfrogs
  2 necrophages
  2 scorpions (D:5)
  11 wights
  4 killer bees (D:6)
  7 electric eels
  5 howler monkeys
  14 orc priests
  2 hounds (D:8)
  10 centaur zombies
  A jelly (D:5)
  Jessica (D:2)
  2 iguanas
  Natasha (thrice) (D:2)
  37 orc wizards
  5 hell rats (Lair:3)
  6 mummies (Ossuary)
  Robin (D:2)
  3 gnolls (D:3)
  2 adders (D:2)
  A shadow imp (D:7)
  2 white imps
  2 ufetubi
  2 worms (D:2)
  2 dart slugs
  52 orcs
  8 ball pythons
  3 endoplasms
  3 giant cockroaches
  11 goblins
  7 hobgoblins
  A quokka (D:1)
  A ball python zombie (D:3)
  A bat (D:3)
  2 frilled lizards (D:2)
  3 hobgoblin zombies (Ossuary)
  23 kobolds
  5 rats
  A bush (Lair:2)
1020 creatures vanquished.

Vanquished Creatures (others)
  A naga sharpshooter (Snake:4)
  A will-o-the-wisp (Swamp:2)
  An unseen horror (D:11)
  2 bloated husks
  12 foxfires
  19 fungi
  132 plants
  4 withered plants (D:14)
172 creatures vanquished.

Grand Total: 1192 creatures vanquished

Notes
Turn   | Place    | Note
-------+----------+-------------------------------------------
     0 | D:1      | Citaku the Minotaur Fighter began the quest for the Orb.
     0 | D:1      | Reached XP level 1. HP: 19/19 MP: 0/0
   202 | D:1      | Reached XP level 2. HP: 15/27 MP: 1/1
  1095 | D:2      | Noticed Jessica
  1095 | D:2      | Found Gaddoj's Distillery.
  1102 | D:2      | Killed Jessica
  1103 | D:2      | Reached skill level 3 in Axes
  1103 | D:2      | Reached XP level 3. HP: 29/33 MP: 2/2
  1180 | D:2      | Noticed Robin
  1203 | D:2      | Reached XP level 4. HP: 34/40 MP: 3/3
  1207 | D:2      | Killed Robin
  1234 | D:2      | Found Uqudghism's Weapon Shoppe.
  1274 | D:2      | Found Rir Son's Book Boutique.
  1304 | D:2      | Noticed Natasha
  1316 | D:2      | Killed Natasha
  1317 | D:2      | Reached skill level 4 in Axes
  1317 | D:2      | Reached skill level 5 in Armour
  1347 | D:2      | Found Iqahenot's Armour Shop.
  1405 | D:2      | Found a faded altar of an unknown god.
  1446 | D:2      | Found Duucwupi's Armour Emporium.
  1517 | D:2      | Noticed Natasha
  1523 | D:2      | Killed Natasha
  1524 | D:2      | Reached XP level 5. HP: 39/47 MP: 4/4
  1530 | D:2      | Noticed Natasha
  1541 | D:2      | Killed Natasha
  1811 | D:3      | Found a transporter.
  1814 | D:3      | Found a transporter.
  1841 | D:3      | Found a basalt altar of Yredelemnul.
  1861 | D:3      | Found an ancient bone altar of Kikubaaqudgha.
  1862 | D:3      | Noticed Menkaure
  2004 | D:3      | Found a radiant altar of Vehumet.
  2099 | D:3      | Found a broken altar of Ashenzari.
  2343 | D:3      | Found a shadowy altar of Dithmenos.
  2702 | D:4      | Reached skill level 5 in Axes
  2738 | D:4      | Reached XP level 6. HP: 50/55 MP: 5/5
  2880 | D:4      | You fall into a shaft and drop 2 floors!
  2996 | D:6      | Reached skill level 5 in Fighting
  3139 | D:6      | Reached skill level 6 in Axes
  3143 | D:6      | Reached XP level 7. HP: 24/61 MP: 6/6
  3311 | D:6      | Found Kohoj's Antique Armour Emporium.
  3422 | D:6      | Found Hupp's Weapon Boutique.
  3587 | D:6      | Noticed Pikel
  3598 | D:6      | Killed Pikel
  3599 | D:6      | Reached skill level 7 in Axes
  3599 | D:6      | Reached XP level 8. HP: 51/71 MP: 7/7
  3706 | D:6      | Reached skill level 8 in Axes
  3872 | D:6      | Noticed Blork the orc
  3890 | D:6      | Killed Blork the orc
  3928 | D:5      | Entered Level 5 of the Dungeon
  3949 | D:5      | Reached skill level 9 in Axes
  3977 | D:5      | Reached XP level 9. HP: 50/79 MP: 8/8
  4215 | D:5      | Found a staircase to the Ecumenical Temple.
  4231 | Temple   | Entered the Ecumenical Temple
  4517 | D:5      | Reached skill level 10 in Armour
  4723 | D:5      | Found a bloodstained altar of Trog.
  4792 | D:5      | Found an opulent altar of Gozag.
  4930 | D:5      | Gained mutation: You are agile. (Dex +4, Str/Int -1)
                  | [potion of mutation]
  4930 | D:5      | Gained mutation: You have a pair of large horns on your
                  | head. [potion of mutation]
  4931 | D:5      | Lost mutation: You have a pair of large horns on your head.
                  | [potion of mutation]
  4931 | D:5      | Lost mutation: You are agile. (Dex +4, Str/Int -1) [potion
                  | of mutation]
  4931 | D:5      | Gained mutation: You expend magic power (3 MP) to
                  | strengthen your wands. [potion of mutation]
  4931 | D:5      | Gained mutation: You are somewhat resistant to further
                  | mutation. [potion of mutation]
  4931 | D:5      | Gained mutation: You occasionally lose the ability to drink
                  | potions when taking damage. [potion of mutation]
  4932 | D:5      | Lost mutation: You are somewhat resistant to further
                  | mutation. [potion of mutation]
  4932 | D:5      | Lost mutation: You expend magic power (3 MP) to strengthen
                  | your wands. [potion of mutation]
  4932 | D:5      | Gained mutation: You possess an exceptional clarity of
                  | mind. [potion of mutation]
  4932 | D:5      | Gained mutation: You have a pair of large horns on your
                  | head. [potion of mutation]
  4932 | D:5      | Gained mutation: You have a somewhat thin skeletal
                  | structure. (Dex +2, Stealth+) [potion of mutation]
  5474 | D:5      | Became a worshipper of Gozag Ym Sagoz the Greedy
  5475 | D:5      | Identified a scroll of acquirement
  5475 | D:5      | Acquired a manual of Axes
  6398 | D:7      | Reached skill level 10 in Axes
  6464 | D:7      | Found a sand-covered staircase.
  6469 | Ossuary  | Entered an ossuary
  6751 | Ossuary  | Lost mutation: You have a pair of large horns on your head.
                  | [potion of mutation]
  6751 | Ossuary  | Lost mutation: You occasionally lose the ability to drink
                  | potions when taking damage. [potion of mutation]
  6751 | Ossuary  | Gained mutation: Your muscles are strong. (Str +4, Int/Dex
                  | -1) [potion of mutation]
  6751 | Ossuary  | Gained mutation: You occasionally lose the ability to read
                  | scrolls when taking damage. [potion of mutation]
  6751 | Ossuary  | Gained mutation: You are robust. (+10% HP) [potion of
                  | mutation]
  6927 | D:7      | Reached skill level 11 in Axes
  6945 | D:7      | Identified the +1 ring mail "Ynif" {+Inv rPois rC-}
  7757 | D:8      | Noticed Psyche
  7758 | D:8      | Noticed a two-headed ogre
  7769 | D:8      | Banished a two-headed ogre
  7769 | Abyss:2  | Cast into level 2 of the Abyss (Psyche)
  7770 | Abyss:2  | Reached skill level 12 in Axes
  7786 | Abyss:2  | Killed an unseen horror
  7787 | Abyss:2  | Reached XP level 10. HP: 43/99 MP: 9/9
  7792 | Abyss:2  | Noticed a worldbinder
  7835 | Abyss:2  | Reached skill level 13 in Axes
  7861 | D:8      | Escaped the Abyss
  7864 | D:8      | Killed Psyche
  7866 | D:8      | Noticed a white ugly thing
  8061 | D:8      | Killed a white ugly thing
  8244 | D:8      | Found a snail-covered altar of Cheibriados.
  8285 | D:8      | Reached skill level 14 in Axes
  8449 | D:8      | Found a staircase to the Lair.
  8969 | D:9      | Found a blossoming altar of Fedhas.
  9054 | D:9      | Noticed a boulder beetle
  9075 | D:9      | Killed a boulder beetle
  9076 | D:9      | Reached skill level 15 in Axes
  9356 | D:9      | Found an iron altar of Okawaru.
  9610 | D:9      | Found a hide-covered altar of Uskayaw.
  9630 | D:9      | Reached XP level 11. HP: 108/108 MP: 10/10
  9713 | D:9      | Found a staircase to the Orcish Mines.
  9874 | D:9      | Identified the amulet of Contentment {Fragile rC+ Will+
                  | Regen+}
 10043 | D:9      | Found an ornate altar of the Wu Jian Council.
 10648 | D:2      | Bought a +1 pair of gloves of infusion for 231 gold pieces
 10686 | D:2      | Bought a potion of might for 40 gold pieces
 10686 | D:2      | Bought a potion of curing for 30 gold pieces
 10686 | D:2      | Bought a potion of heal wounds for 50 gold pieces
 10686 | D:2      | Bought 2 potions of heal wounds for 100 gold pieces
 10686 | D:2      | Bought a potion of curing for 30 gold pieces
 10832 | D:10     | Entered Level 10 of the Dungeon
 10896 | D:10     | Found a corrupted altar of Lugonu.
 10907 | D:10     | Reached skill level 10 in Fighting
 11049 | D:10     | Noticed Joseph
 11057 | D:10     | Killed Joseph
 11058 | D:10     | Reached skill level 16 in Axes
 11755 | D:10     | Noticed a two-headed ogre
 11763 | D:10     | Killed a two-headed ogre
 12292 | D:11     | Reached skill level 17 in Axes
 12379 | D:11     | Noticed a two-headed ogre
 12383 | D:11     | Killed a two-headed ogre
 12446 | D:11     | Noticed Maurice
 12455 | D:11     | Killed Maurice
 12455 | D:11     | Noticed Grum
 12471 | D:11     | Killed Grum
 12885 | D:11     | Noticed a centaur warrior
 12902 | D:11     | Killed a centaur warrior
 12963 | D:11     | Reached skill level 18 in Axes
 12963 | D:11     | Reached skill level 5 in Shields
 13393 | D:12     | Noticed an orb spider
 13393 | D:12     | an orb spider changed into a slime creature
 13398 | D:12     | a merfolk changed into a sea snake
 13398 | D:12     | Noticed a sea snake (glowing shapeshifter)
 13404 | D:12     | Killed a sea snake
 13405 | D:12     | Reached XP level 12. HP: 116/121 MP: 6/11
 13448 | D:12     | Reached skill level 15 in Armour
 13647 | D:12     | Noticed a two-headed ogre
 13651 | D:12     | Killed a two-headed ogre
 13739 | D:12     | Noticed a storm dragon
 14059 | D:12     | Killed a storm dragon
 14196 | D:12     | Noticed a two-headed ogre
 14212 | D:12     | Killed a two-headed ogre
 14219 | D:12     | Noticed an ettin
 14231 | D:12     | Killed an ettin
 14368 | D:12     | Reached skill level 19 in Axes
 14662 | D:12     | Identified the ring "Dom Raule" {Fly Int+4 SInv Stlth+}
 15198 | D:3      | Killed Menkaure
 15507 | Orc:1    | Entered Level 1 of the Orcish Mines
 15930 | Orc:1    | Noticed an orc high priest
 15949 | Orc:1    | Killed an orc high priest
 15965 | Orc:1    | Reached XP level 13. HP: 129/129 MP: 0/12
 16427 | Orc:1    | Bought a transparent plate armour for 1120 gold pieces
 16427 | Orc:1    | Identified the +9 plate armour "Qeolelol" {Will+} (You
                  | bought it in a shop on level 1 of the Orcish Mines)
 16444 | Orc:2    | Entered Level 2 of the Orcish Mines
 16757 | Orc:2    | Found a staircase to the Elven Halls.
 17257 | Orc:2    | Found Quurphohu's Jewellery Shoppe.
 17426 | Orc:2    | Found a radiant altar of Vehumet.
 17446 | Orc:2    | Found Feckux's Antique Armour Emporium.
 17595 | Orc:2    | Noticed Nergalle
 17602 | Orc:2    | Found an ancient bone altar of Kikubaaqudgha.
 17612 | Orc:2    | Killed Nergalle
 17626 | Orc:2    | Bought a tower shield for 99 gold pieces
 17728 | Orc:2    | Found Moistrau's Distillery.
 17818 | Orc:2    | Found Bupom's Jewellery Shoppe.
 17821 | Orc:2    | Bought a potion of might for 56 gold pieces
 17821 | Orc:2    | Bought a potion of heal wounds for 70 gold pieces
 17831 | Orc:2    | Bought the ring "Laodd" {Will+ Str+2 Int+4 SInv Stlth+} for
                  | 516 gold pieces
 18413 | D:13     | Reached skill level 20 in Axes
 19740 | D:14     | Found a gate to the Vaults.
 19747 | D:14     | Reached XP level 14. HP: 141/141 MP: 9/13
 20818 | D:15     | Entered Level 15 of the Dungeon
 21026 | D:15     | Found Xyulanyg's Distillery.
 21092 | D:15     | Reached skill level 21 in Axes
 21729 | D:15     | Reached skill level 10 in Shields
 22039 | D:15     | Found a staircase to the Depths.
 22275 | D:15     | Bought a potion of mutation for 120 gold pieces
 22275 | D:15     | Bought a potion of mutation for 120 gold pieces
 22275 | D:15     | Bought a potion of might for 60 gold pieces
 22275 | D:15     | Bought a potion of might for 60 gold pieces
 22277 | D:15     | Lost mutation: Your muscles are strong. (Str +4, Int/Dex
                  | -1) [potion of mutation]
 22277 | D:15     | Lost mutation: You are robust. (+10% HP) [potion of
                  | mutation]
 22277 | D:15     | Lost mutation: You occasionally lose the ability to read
                  | scrolls when taking damage. [potion of mutation]
 22277 | D:15     | Gained mutation: You have hidden genetic potential. [potion
                  | of mutation]
 22277 | D:15     | Gained mutation: You are partially covered in iridescent
                  | scales. (AC +2) [potion of mutation]
 22478 | Lair:1   | Entered Level 1 of the Lair of Beasts
 22592 | Lair:1   | Found a runed translucent gate.
 22592 | Lair:1   | Found a runed translucent gate.
 22592 | Lair:1   | Found a runed translucent gate.
 22595 | Lair:1   | Noticed anet's ghost (journeyman HOCj)
 22618 | Lair:1   | Killed anet's ghost
 23560 | Lair:2   | Identified the ring of Mebayr Rirgh {Fly Will- AC+4 Dex+6
                  | SInv}
 25424 | Lair:2   | Found a staircase to the Swamp.
 26795 | Lair:3   | Found a staircase to the Snake Pit.
 26801 | Lair:3   | Reached XP level 15. HP: 138/138 MP: 6/14
 27319 | Lair:4   | Found a staircase to the Slime Pits.
 28475 | Lair:5   | Entered Level 5 of the Lair of Beasts
 28651 | Lair:5   | Reached skill level 22 in Axes
 29632 | Lair:5   | Gained mutation: You have sharp fingernails. [hidden
                  | potential]
 29737 | Lair:5   | Lost mutation: You are partially covered in iridescent
                  | scales. (AC +2) [potion of mutation]
 29737 | Lair:5   | Lost mutation: You possess an exceptional clarity of mind.
                  | [potion of mutation]
 29737 | Lair:5   | Lost mutation: You have hidden genetic potential. [potion
                  | of mutation]
 29737 | Lair:5   | Gained mutation: Your flesh is heat resistant. (rF+)
                  | [potion of mutation]
 29737 | Lair:5   | Lost mutation: You have a somewhat thin skeletal structure.
                  | (Dex +2, Stealth+) [potion of mutation]
 29737 | Lair:5   | Gained mutation: You are somewhat resistant to further
                  | mutation. [potion of mutation]
 30760 | Lair:5   | Found a runed translucent door.
 31161 | Lair:5   | Paralysed by a hornet for 2 turns
 32017 | Snake:1  | Entered Level 1 of the Snake Pit
 32062 | Snake:1  | Reached skill level 15 in Fighting
 32368 | Snake:1  | Noticed Louise
 32396 | Snake:1  | Killed Louise
 32682 | Snake:1  | Reached XP level 16. HP: 125/149 MP: 0/15
 32691 | Snake:1  | Found a frozen archway.
 32701 | IceCv    | Entered an ice cave
 33333 | IceCv    | Reached skill level 23 in Axes
 34493 | Snake:1  | Found Woffer's Jewellery Boutique.
 34493 | Snake:1  | Found Xiaskousch's Book Emporium.
 34495 | Snake:1  | Found Fuzyen's Book Emporium.
 37170 | Snake:4  | Entered Level 4 of the Snake Pit
 37531 | Snake:4  | Identified the +2 pair of gloves "Ydoattac" {+Inv rCorr
                  | Int+3}
 37856 | Snake:4  | Reached skill level 24 in Axes
 37860 | Snake:4  | Reached XP level 17. HP: 158/158 MP: 16/16
 38708 | Snake:4  | Got a serpentine rune of Zot
 39211 | Swamp:1  | Entered Level 1 of the Swamp
 39395 | Swamp:1  | Noticed Josephine
 39406 | Swamp:1  | Killed Josephine
 41074 | Swamp:3  | Reached skill level 25 in Axes
 41519 | Swamp:4  | Entered Level 4 of the Swamp
 41776 | Swamp:4  | Reached XP level 18. HP: 116/169 MP: 17/17
 42450 | Swamp:4  | Got a decaying rune of Zot
 43204 | Vaults:1 | Entered Level 1 of the Vaults
 43214 | Vaults:1 | Found Xuylef's Antique Weapon Boutique.
 43324 | Vaults:1 | Reached skill level 15 in Shields
 43461 | Vaults:1 | HP: 8/170 [ironbound thunderhulk/bolt of lightning (53)]
 44398 | Vaults:1 | Reached skill level 26 in Axes
 44617 | Vaults:1 | Demolished by a vault warden

Illustrated notes

Levels and vault maps discovered:
D:1:      dpeg_arrival_round_a, layout_basic
D:2:      layout_rooms, serial_shops, nicolae_shop_competitors_out_of_business,
          shop, shop_fountains, shop, nicolae_shop_crystal,
          chequers_ecumenical_altar_twisty, supply_closet_lemuel, uniq_jessica,
          uniq_robin, uniq_natasha
D:3:      layout_rooms, lemuel_doored_altar, mainiacjoe_overflow_24_doors,
          gammafunk_temple_of_torment, nicolae_ashenzari_panopticon
D:4:      kennysheep_kobold_camp, layout_cave_pools
D:5:      layout_cave_pools, general_overflow_altar, lightli_temple_of_fire,
          minmay_temple_entry_fiery
D:6:      layout_basic, serial_shops, nicolae_shop_overgrown_old_shop,
          nicolae_shop_bloodbath_and_beyond, minmay_stone_trees_small,
          uniq_pikel, uniq_blork_the_orc
D:7:      layout_layer_cave, enter_ossuary_5
D:8:      layout_rooms, mainiacjoe_overflow_small_starburst, erik_lair_island,
          uniq_psyche
D:9:      minmay_tri_box, layout_long_grid, mainiacjoe_overflow_six_doors_small,
          mainiacjoe_overflow_cross_hatched, mainiacjoe_overflow_paths,
          fedhas_ov_isle_minmay
D:10:     kennysheep_kobold_lugonu_temple, layout_basic,
          chequers_serial_rivers_small_b, uniq_joseph
D:11:     hellmonk_ruined_rings, layout_long_grid, uniq_grum, uniq_maurice
D:12:     nicolae_hexawheel, layout_gridville
D:13:     layout_roguey
D:14:     layout_loops_ring, david_vaults_1, serial_undead, serial_undead_d,
          serial_undead_b, serial_undead_b, serial_undead_d, serial_undead_e,
          serial_undead_e, hangedman_decor_opposing, minmay_misc_feat_x
D:15:     grunt_enter_depths_magical_seal, layout_long_grid, serial_shops,
          nicolae_shop_crystal, minmay_microvault
Temple:   nicolae_temple_bog_church
Lair:1:   layout_roguey, ebering_ghost_rock_garden
Lair:2:   minmay_lair_oklob_tunnel, layout_small_grid, palyth_hydra_swamp_entry
Lair:3:   layout_misc_corridors, nicolae_snake_entry_squirm,
          kennysheep_basilisk_garden, lemuel_fruit_tree
Lair:4:   layout_gridlike, slime_entry_1, serial_bayou_pond_c,
          grunt_megastairs_2
Lair:5:   wormcave, layout_big_grid, hangedman_lair_in_review,
          grunt_forest_stairs_basic
Swamp:1:  layout_basic_swamp, serial_swamp_ruin, evilmike_swamp_ruin_house_4,
          evilmike_swamp_ruin_house_5, uniq_josephine
Swamp:2:  layout_basic_swamp, evilmike_swamp_ruin_rubble_2
Swamp:3:  layout_basic_swamp, nicolae_swamp_dense_foliage
Swamp:4:  swamp, layout_basic_swamp, swamp_pool5, nicolae_swamp_soggy_hallways
Snake:1:  layout_chambers, portal_ice_cave_entry_frozen_things, drop_trap,
          minmay_shop_grove, serial_bayou_shore_a, uniq_louise
Snake:2:  layout_rooms
Snake:3:  layout_onion_interference, serial_bayou_lagoon_a
Snake:4:  minmay_snake_end_coiled, layout_cave_town, grunt_megastairs_4
Orc:1:    layout_caves, bh_open_orc_temple
Orc:2:    kennysheep_orc_mage_school, layout_diamond_mine
Vaults:1: nicolae_vaults_meeting, v_alt_pattern_3, ontoclasm_vaults_ring_square,
          nicolae_vaults_asterisk, hangedman_vaults_maws, ontoclasm_vaults_spin,
          dpeg_vaults_monster_box, vaults_room_door_ring,
          nicolae_vaults_yaktaur_gun_rack, nicolae_vaults_mini_display_case,
          nicolae_vaults_little_ls, nicolae_vaults_specimen_jars,
          layout_vaults_chaotic_city, serial_shops, nicolae_shop_waterfront

Skill      XL: |  1  2  3  4  5  6  7  8  9 10 11 12 13 14 15 16 17 18 |
---------------+-------------------------------------------------------+-----
Armour         | 4 5 6 8 9 11 13 14 16 17 19 20 22 23 24 | 24.3
Fighting       | 4 5 6 7 8 9 11 12 13 14 15 16 17 | 17.8
Axes           | 3 4 5 6 7 9 12 15 18 19 20 21 22 24 25 26 | 26.0
Shields        | 5 7 9 10 12 13 14 15 | 15.4

Action                   |  1- 3 |  4- 6 |  7- 9 | 10-12 | 13-15 | 16-18 || total
-------------------------+-------+-------+-------+-------+-------+-------++-------
Melee: War axe           |    58 |   126 |   191 |   465 |  1281 |  1707 ||  3828
       Headbutt          |     9 |    12 |    33 |    92 |   361 |   466 ||   973
Invok: Call Merchant     |       |       |       |       |     4 |     3 ||     7
Evoke: Wand              |       |       |       |     9 |     4 |       ||    13
       Box of beasts     |       |       |       |     1 |       |       ||     1
  Use: Scroll            |       |       |    18 |     6 |    15 |    23 ||    62
       Potion            |       |       |    14 |    10 |    12 |    15 ||    51
 Stab: Distracted        |       |       |     5 |     1 |     7 |    20 ||    33
       Invisible         |       |       |     1 |       |       |       ||     1
       Petrified         |       |       |       |       |     5 |       ||     5
       Confused          |       |       |       |       |       |     2 ||     2
Armor: Scale mail        |    36 |    43 |   101 |    35 |       |       ||   215
       Plate armour      |       |       |       |   175 |  1006 |    77 ||  1258
       Crystal plate arm |       |       |       |       |       |  1733 ||  1733
Dodge: Dodged            |    19 |    88 |   121 |   130 |   295 |   458 ||  1111
       Repelled          |       |       |       |       |     7 |    35 ||    42
Block: Buckler           |    13 |    27 |    31 |    28 |       |       ||    99
       Kite shield       |       |       |       |   125 |    56 |       ||   181
       Tower shield      |       |       |       |       |  1030 |  1954 ||  2984

Table legend: (Time is in decaauts)
 A = Elapsed time spent in this place.
 B = Non-inter-level travel time spent in this place.
 C = Inter-level travel time spent in this place.
 D = Time resting spent in this place.
 E = Time spent auto-exploring this place.
 F = Levels seen in this place.
 G = Mean time per level.
                   A        B        C        D        E       F      G
               +--------+--------+--------+--------+--------+-----+--------+
         Total |  44510 |  41761 |   2749 |   4709 |  28341 |  35 | 1271.7 |
       Dungeon |  19897 |  17855 |   2042 |   1429 |  13308 |  15 | 1326.5 |
        Temple |    247 |    213 |     34 |      0 |    172 |   1 |  247.0 |
          Lair |   9478 |   9109 |    369 |   1173 |   6465 |   5 | 1895.6 |
         Swamp |   3459 |   3284 |    175 |    543 |   1782 |   4 |  864.8 |
     Snake Pit |   5796 |   5688 |    108 |    601 |   3715 |   4 | 1449.0 |
  Orcish Mines |   2584 |   2565 |     19 |    180 |   1669 |   2 | 1292.0 |
        Vaults |   1384 |   1384 |      0 |    107 |    887 |   1 | 1384.0 |
         Abyss |     90 |     90 |      0 |     42 |      5 |   1 |   90.0 |
       Ossuary |    313 |    313 |      0 |     20 |    203 |   1 |  313.0 |
      Ice Cave |   1260 |   1260 |      0 |    614 |    133 |   1 | 1260.0 |
               +--------+--------+--------+--------+--------+-----+--------+

Top non-repeatable levels by time:
  Lair:2: 3153 daAuts
  Lair:5: 2997 daAuts
 Snake:1: 1900 daAuts
 Snake:4: 1860 daAuts
     D:9: 1801 daAuts
     D:5: 1775 daAuts
    D:12: 1731 daAuts
    D:14: 1706 daAuts
     D:6: 1694 daAuts
   Orc:2: 1676 daAuts
 Snake:2: 1397 daAuts
Vaults:1: 1384 daAuts
    D:15: 1369 daAuts
    D:10: 1363 daAuts
     D:7: 1291 daAuts
